 Dungeon Crawl Stone Soup version 0.21.0-3-g78d12a8 (webtiles) character file.

22365 Inkary the Carver (level 12, -7/113 HPs)
             Began as a Minotaur Berserker on Jan 10, 2018.
             Was a High Priest of Trog.
             Mangled by a sixfirhy (11 damage)
             ... summoned by Frances
             ... on level 13 of the Dungeon.
             The game lasted 00:33:36 (11488 turns).

Inkary the Carver (Minotaur Berserker)             Turns: 11488, Time: 00:33:37

Health: -7/113     AC: 10    Str: 24    XL:     12   Next: 62%
Magic:  15/15      EV: 18    Int:  7    God:    Trog [*****.]
Gold:   522        SH:  0    Dex: 21    Spells: 11/11 levels left

rFire    + . .     SeeInvis +   a - +6 great sword of Ru's Regard {protect, Fragile rN+ Dex+2 Stlth+}
rCold    . . .     Gourm    .   (shield currently unavailable)
rNeg     + . .     Faith    +   S - +2 leather armour "Nuverer" {Int+3 Dex+2}
rPois    .         Spirit   .   (helmet restricted)
rElec    .         Reflect  .   b - +2 cloak
rCorr    .         Harm     .   (no gloves)
MR       ++...                  (no boots)
Stlth    +++.......             G - amulet "Kyic" {Faith rF+}
HPRegen  1.28/turn              W - ring of see invisible
MPRegen  0.14/turn              U - +4 ring of dexterity

@: regenerating, studying Maces & Flails
A: retaliatory headbutt, horns 2
a: Berserk, Trog's Hand, Brothers in Arms, Burn Spellbooks, Renounce Religion


You were on level 13 of the Dungeon.
You worshipped Trog.
Trog was extremely pleased with you.
You were hungry.

You visited 2 branches of the dungeon, and saw 14 of its levels.
You also visited: Labyrinth.

You collected 812 gold pieces.
You spent 290 gold pieces at shops.

Inventory:

Hand Weapons
 a - the +6 great sword of Ru's Regard (weapon) {protect, Fragile rN+ Dex+2 Stlth+}
   (You found it on level 4 of the Dungeon)

   It protects the one who uses it against injury (+AC on strike).
   It affects your dexterity (+2).
   It protects you from negative energy.
   It will be destroyed if unequipped.
   It makes you more stealthy.
 i - a +1 battleaxe of freezing
 R - a +1 triple sword of draining
Missiles
 P - a throwing net (quivered)
Armour
 b - a +2 cloak (worn)
 m - a +2 hat
 w - a +0 large shield
 J - a +1 ring mail of poison resistance
 S - the +2 leather armour "Nuverer" (worn) {Int+3 Dex+2}
   (You found it in a labyrinth)

   It affects your intelligence (+3).
   It affects your dexterity (+2).
Jewellery
 G - the amulet "Kyic" (around neck) {Faith rF+}
   (You found it on level 8 of the Dungeon)

   [amulet of faith]

   It allows you to gain divine favour quickly.
   It protects you from fire.
 M - an uncursed ring of protection from magic
 U - a +4 ring of dexterity (right hand)
 W - a ring of see invisible (left hand)
Wands
 z - a wand of flame (14)
 A - a wand of disintegration (18)
 E - a wand of polymorph (32)
 Q - a wand of paralysis (14)
Scrolls
 e - a scroll of fog
 j - a scroll of identify
 k - 2 scrolls of noise {unknown}
 p - 2 scrolls of magic mapping
 s - 2 scrolls of blinking
 t - 6 scrolls of fear
 x - 2 scrolls of remove curse
 y - 2 scrolls of summoning
 D - a scroll of holy word
 H - 3 scrolls of enchant weapon {unknown}
 L - a scroll of random uselessness {unknown}
 N - 2 scrolls of teleportation
 O - a scroll of torment {unknown}
Potions
 d - a potion of brilliance
 g - a potion of ambrosia
 h - 2 potions of might
 l - 2 potions of magic
 n - 2 potions of heal wounds
 q - 5 potions of curing
 u - 4 potions of lignification
 v - 3 potions of resistance
 B - 5 potions of agility
 C - a potion of berserk rage
 F - 2 potions of invisibility
Books
 f - a book of Battle

   Spells                             Type                      Level
   a - Infusion                       Charms                       1
   b - Shroud of Golubria             Charms/Translocation         2
   c - Song of Slaying                Charms                       2
   d - Spectral Weapon                Hexes/Charms                 3
   e - Regeneration                   Charms/Necromancy            3
   Trog disapproves of the use of such an item.
 K - a book of Enchantments

   Spells                             Type                      Level
   a - Cause Fear                     Hexes                        4
   b - Yara's Violent Unravelling     Hexes/Transmutation          5
   c - Silence                        Hexes/Air                    5
   d - Deflect Missiles               Charms/Air                   6
   e - Discord                        Hexes                        8
   Trog disapproves of the use of such an item.
 V - a manual of Maces & Flails
 X - a book of Unlife

   Spells                             Type                      Level
   a - Recall                         Summoning/Translocation      3
   b - Animate Dead                   Necromancy                   4
   c - Borgnjor's Vile Clutch         Necromancy/Earth             5
   d - Death Channel                  Necromancy                   6
   e - Simulacrum                     Ice/Necromancy               6
   Trog disapproves of the use of such an item.
 Y - a book of Minor Magic

   Spells                             Type                      Level
   a - Magic Dart                     Conjuration                  1
   b - Blink                          Translocation                2
   c - Call Imp                       Summoning                    2
   d - Slow                           Hexes                        2
   e - Conjure Flame                  Conjuration/Fire             3
   f - Mephitic Cloud                 Conjuration/Poison/Air       3
   Trog disapproves of the use of such an item.
 Z - a book of Flames

   Spells                             Type                      Level
   a - Flame Tongue                   Conjuration/Fire             1
   b - Throw Flame                    Conjuration/Fire             2
   c - Conjure Flame                  Conjuration/Fire             3
   d - Inner Flame                    Hexes/Fire                   3
   e - Sticky Flame                   Conjuration/Fire             4
   f - Fireball                       Conjuration/Fire             5
   Trog disapproves of the use of such an item.
Comestibles
 c - 12 rations
 T - 10 chunks of flesh


   Skills:
 + Level 12.7 Fighting
 + Level 13.4 Long Blades
 - Level 6.1 Axes
 + Level 12.4 Armour
 * Level 7.6 Dodging
 - Level 6.0 Evocations


You had 11 spell levels left.
You didn't know any spells.

Dungeon Overview and Level Annotations

Branches:
Dungeon (13/15)            Temple (1/1) D:6            Lair (0/6) D:10
    Orc (0/2) D:10
 Vaults: D:13-14

Altars:
Ashenzari
Cheibriados
Dithmenos
Elyvilon
Fedhas
Gozag
Hepliaklqana
Kikubaaqudgha
Makhleb
Nemelex Xobeh
Okawaru
Qazlal
Ru
Sif Muna
Trog
Uskayaw
Vehumet
Wu Jian
Xom
Yredelemnul
Zin
The Shining One

Shops:
D:6 ?   D:8 (

Annotations:
D:11 2 runed doors
D:13 Frances


Innate Abilities, Weirdness & Mutations

You reflexively headbutt those who attack you in melee.
You have a pair of horns on your head.


Message History

Frances barely misses you.
The worker ant bites you but does no damage.
Frances mutters in a terrible tongue.
The sixfirhy hits you.
* * * LOW HITPOINT WARNING * * *
The sixfirhy shocks you!
* * * LOW HITPOINT WARNING * * *
The sixfirhy hits you but does no damage.
The sixfirhy hits you.
* * * LOW HITPOINT WARNING * * *
The sixfirhy shocks you!
* * * LOW HITPOINT WARNING * * *
The sixfirhy closely misses you.
You riposte.
You closely miss the sixfirhy. You headbutt the sixfirhy!
The sixfirhy is lightly wounded.
The chaos spawn ululates chillingly with its many mouths.
The sixfirhy hits you.
* * * LOW HITPOINT WARNING * * *
The sixfirhy shocks you!
You die...

#. #.
####.#####
<........# +
.........# .#
c.......4###.#
........43@..#
.>.....<@#####
.......a.#
.........#
##########


You could see Frances, a sixfirhy, a chaos spawn, a red devil and a worker ant.

Vanquished Creatures
  Gastronok (D:12)
  A minotaur (Lab)
  The ghost of Gandalfino the Severer, a journeyman MiFi of Okawaru (D:11)
  Harold (D:10)
  A centaur warrior (D:11)
  2 two-headed ogres (D:11)
  3 unseen horrors
  Pikel (D:6)
  2 cyclopes
  A komodo dragon (D:11)
  A hornet (D:11)
  Grinder (D:5)
  The ghost of jazmu the Magician, an amateur DsFE (D:5)
  Prince Ribbit (D:7)
  3 hippogriffs
  2 minotaur skeletons (Lab)
  2 shadows
  7 redbacks (Lab)
  A human (D:11)
  7 hungry ghosts
  8 yaks
  3 hogs (D:11)
  3 wargs (D:10)
  Edmund (D:4)
  A soldier ant (D:11)
  A water moccasin (D:8)
  4 porcupines
  7 orc warriors
  5 ice beasts
  4 sky beasts
  A slave (D:6)
  7 ogres
  A black bear (D:9)
  2 necrophages
  2 phantoms
  4 centaurs
  A big kobold (D:8)
  9 bullfrogs
  2 scorpions
  16 killer bees
  11 wights
  An electric eel (D:8)
  2 howler monkeys
  4 lava snakes (Lab)
  3 crimson imps
  3 centaur zombies (D:7)
  A quasit (D:3)
  6 hounds
  A bullfrog zombie (D:10)
  6 orc priests
  5 jellies
  5 orc wizards
  3 centaur skeletons
  4 iguanas
  Jessica (D:3)
  Natasha (thrice) (D:4)
  A bullfrog skeleton (D:7)
  10 worker ants
  A killer bee zombie (D:7)
  An ogre skeleton (Lab)
  A hound skeleton (D:6)
  2 worker ant zombies
  13 adders
  4 shadow imps
  2 oozes
  2 adder skeletons
  4 worms (D:2)
  4 dart slugs
  6 leopard geckos
  27 orcs
  5 giant cockroaches
  2 goblins
  14 hobgoblins
  3 jackals (D:4)
  5 quokkas
  6 bats
  3 frilled lizards
  A jackal skeleton (D:6)
  12 kobolds
  2 quokka skeletons
  7 rats
  A fungus (D:3)
  2 plants (Lab)
322 creatures vanquished.

Vanquished Creatures (others)
  A plant (Lab)
1 creature vanquished.

Grand Total: 323 creatures vanquished

Notes
Turn   | Place    | Note
-------+----------+-------------------------------------------
     0 | D:1      | Inkary the Minotaur Berserker began the quest for the Orb.
     0 | D:1      | Reached XP level 1. HP: 19/19 MP: 0/0
   106 | D:1      | Reached XP level 2. HP: 24/27 MP: 1/1
   690 | D:1      | Reached XP level 3. HP: 33/33 MP: 2/2
  1012 | D:2      | HP: 2/49 [poisoned by an adder]
  1013 | D:2      | Reached XP level 4. HP: 3/40 MP: 3/3
  1018 | D:2      | HP: 1/40 [poisoned by an adder]
  1218 | D:2      | Reached ** piety under Trog
  1509 | D:2      | Found a bloodstained altar of Trog.
  1552 | D:2      | Reached skill level 5 in Axes
  1813 | D:3      | Reached XP level 5. HP: 10/47 MP: 4/4
  2098 | D:3      | Noticed Jessica
  2106 | D:3      | Killed Jessica
  2222 | D:3      | Reached XP level 6. HP: 34/55 MP: 5/5
  2229 | D:3      | Reached skill level 5 in Fighting
  2948 | D:4      | Identified a scroll of acquirement
  2998 | D:4      | Got an encrusted great sword
  2999 | D:4      | Identified the +6 great sword of Ru's Regard {protect, Fragile rN+ Dex+2 Stlth+} (You found it on level 4 of the Dungeon)
  3148 | D:4      | Found a sacrificial altar of Ru.
  3171 | D:4      | Reached skill level 1 in Long Blades
  3197 | D:4      | Noticed Natasha
  3203 | D:4      | Killed Natasha
  3290 | D:4      | Reached skill level 2 in Long Blades
  3304 | D:4      | Noticed Edmund
  3308 | D:4      | Reached XP level 7. HP: 61/61 MP: 6/6
  3315 | D:4      | Killed Edmund
  3315 | D:4      | Reached *** piety under Trog
  3315 | D:4      | Reached skill level 3 in Long Blades
  3315 | D:4      | Reached skill level 5 in Armour
  3529 | D:4      | Noticed Natasha
  3533 | D:4      | Killed Natasha
  3600 | D:4      | Noticed Natasha
  3605 | D:4      | Killed Natasha
  3605 | D:4      | Reached skill level 4 in Long Blades
  3623 | D:5      | Entered Level 5 of the Dungeon
  3904 | D:5      | Reached skill level 5 in Long Blades
  3951 | D:5      | Reached XP level 8. HP: 39/71 MP: 7/7
  4137 | D:5      | Noticed jazmu's ghost (amateur DsFE)
  4148 | D:5      | Killed jazmu's ghost
  4148 | D:5      | Reached skill level 6 in Long Blades
  4227 | D:5      | Noticed Grinder
  4236 | D:5      | Killed Grinder
  4500 | D:6      | Found a blossoming altar of Fedhas.
  4505 | D:6      | Found a staircase to the Ecumenical Temple.
  4518 | Temple   | Entered the Ecumenical Temple
  4894 | D:6      | Reached skill level 7 in Long Blades
  4918 | D:6      | Noticed Pikel
  4927 | D:6      | Killed Pikel
  4927 | D:6      | Reached skill level 8 in Long Blades
  4927 | D:6      | Reached XP level 9. HP: 69/81 MP: 8/8
  5070 | D:6      | Found Wolam's Magic Scroll Shop.
  5078 | D:6      | Bought a scroll of identify for 20 gold pieces
  5078 | D:6      | Bought a scroll of summoning for 95 gold pieces
  5078 | D:6      | Bought a scroll of remove curse for 30 gold pieces
  5078 | D:6      | Bought a scroll of identify for 20 gold pieces
  5078 | D:6      | Bought a scroll of summoning for 95 gold pieces
  5080 | D:6      | Bought a scroll of remove curse for 30 gold pieces
  5551 | D:7      | Reached skill level 9 in Long Blades
  5563 | D:7      | Noticed Prince Ribbit
  5580 | D:7      | Killed Prince Ribbit
  5841 | D:7      | Reached skill level 10 in Long Blades
  6368 | D:8      | Found Jitafo's Weapon Shop.
  6376 | D:8      | Got a sparkling garnet amulet
  6379 | D:8      | Identified the amulet "Kyic" {Faith rF+} (You found it on level 8 of the Dungeon)
  6429 | D:8      | Reached skill level 1 in Evocations
  6536 | D:8      | Reached XP level 10. HP: 79/91 MP: 9/9
  6538 | D:8      | Reached **** piety under Trog
  6613 | D:8      | Found a shadowy altar of Dithmenos.
  7255 | D:9      | Found the ring of Shadows {Umbra +Inv Stlth+}
  7683 | D:10     | Entered Level 10 of the Dungeon
  7683 | D:10     | Found a staircase to the Lair.
  7697 | D:9      | Reached skill level 11 in Long Blades
  7707 | D:10     | Reached ***** piety under Trog
  7711 | D:10     | Noticed a cyclops
  7711 | D:10     | Reached skill level 10 in Fighting
  7784 | D:10     | Killed a cyclops
  7841 | D:10     | Reached skill level 10 in Armour
  7911 | D:10     | Found a staircase to the Orcish Mines.
  8180 | D:10     | Reached XP level 11. HP: 83/101 MP: 13/13
  8193 | D:10     | Killed an unseen horror
  8264 | D:10     | Noticed Harold
  8288 | D:10     | Killed Harold
  8559 | D:11     | Found a labyrinth entrance.
  8565 | Lab      | Entered a labyrinth
  8606 | Lab      | Reached skill level 12 in Long Blades
  8993 | Lab      | Reached skill level 5 in Evocations
  9739 | Lab      | Got a bloodstained leather armour
  9933 | Lab      | Noticed a minotaur
  9943 | Lab      | Killed a minotaur
  9950 | Lab      | Got a translucent garnet amulet
  9964 | Lab      | Identified the amulet of the Elephant {Inacc rN+ Int+4} (You found it in a labyrinth)
 10024 | D:11     | Noticed Gandalfino's ghost (journeyman MiFi)
 10037 | D:11     | Killed Gandalfino's ghost
 10177 | D:11     | Identified the +2 leather armour "Nuverer" {Int+3 Dex+2} (You found it in a labyrinth)
 10456 | D:11     | Noticed an unseen horror
 10458 | D:11     | Killed an unseen horror
 10458 | D:11     | Reached XP level 12. HP: 63/112 MP: 15/15
 10557 | D:11     | Found a large runed door.
 10557 | D:11     | Found a large runed door.
 10624 | D:11     | Reached skill level 5 in Dodging
 10734 | D:11     | Noticed a centaur warrior
 10737 | D:11     | Found a large runed door.
 10737 | D:11     | Found a large runed door.
 10743 | D:11     | Killed a centaur warrior
 10743 | D:11     | Reached skill level 13 in Long Blades
 10745 | D:11     | Got an uncursed twisted long sword {freeze}
 10754 | D:11     | Identified the +8 long sword of Cofylut {freeze, +Blink Int+6} (You took it off a centaur warrior on level 11 of the Dungeon)
 10934 | D:11     | Noticed a two-headed ogre
 10938 | D:11     | Killed a two-headed ogre
 10996 | D:11     | Received a gift from Trog
 10999 | D:11     | Noticed a two-headed ogre
 11004 | D:11     | Killed a two-headed ogre
 11288 | D:12     | Noticed Gastronok
 11425 | D:12     | Killed Gastronok
 11475 | D:12     | Noticed Frances
 11488 | D:13     | HP: 5/113 [sixfirhy[Frances] (9)]
 11488 | D:13     | Mangled by a sixfirhy

Skill      XL: |  1  2  3  4  5  6  7  8  9 10 11 12 |
---------------+-------------------------------------+-----
Axes           | 4 5 6 |  6.1
Fighting       | 4 5 6 7 9 10 12 | 12.7
Armour         | 3 4 5 7 8 10 11 12 | 12.4
Dodging        | 3 4 7 |  7.6
Long Blades    | 2 5 8 10 11 12 13 | 13.4
Evocations     | 1 4 6 |  6.0

Action                   |  1- 3 |  4- 6 |  7- 9 | 10-12 || total
-------------------------+-------+-------+-------+-------++-------
Melee: Hand axe          |    57 |   113 |       |       ||   170
       Headbutt          |     9 |    23 |    27 |   104 ||   163
       Great sword       |       |     7 |   144 |   355 ||   506
       Battleaxe         |       |     6 |       |       ||     6
Invok: Berserk           |     1 |     1 |     5 |     5 ||    12
       Trog's Hand       |       |     1 |     7 |    14 ||    22
       Burn Spellbooks   |       |       |       |     1 ||     1
  Use: Scroll            |     2 |    10 |    13 |    10 ||    35
       Potion            |       |     2 |       |     3 ||     5
 Stab: Sleeping          |       |     1 |     4 |       ||     5
       Distracted        |       |       |     1 |       ||     1
  Eat: Chunk             |       |     6 |    16 |    15 ||    37
       Ration            |       |     1 |     2 |     8 ||    11
Armor: Animal skin       |     7 |    21 |       |       ||    28
       Ring mail         |       |    11 |    29 |       ||    40
       Chain mail        |       |       |    86 |   188 ||   274
       Leather armour    |       |       |       |    40 ||    40
Dodge: Dodged            |    38 |   107 |    90 |   269 ||   504
       Rpst.: Great sword |       |     3 |    22 |    75 ||   100
